 Dungeon Sprint DCSS version 0.30-a0-591-g3c58d2bc28 (webtiles) character file.

Game seed: 13727741890852054597

113 NinjaNoafa the Trooper (level 4, -7/40 HPs)
             Began as a Demonspawn Monk on Jan 5, 2023.
             Was a Believer of Nemelex Xobeh.
             Mangled by a sixfirhy (12 damage)
             ... summoned by the player character
             ... in the Dungeon (Sprint VII: "The Pits") on Jan 6, 2023.
             The game lasted 00:03:20 (196 turns).

NinjaNoafa the Trooper (Demonspawn Monk)             Turns: 196, Time: 00:03:20

Health: -7/40      AC:  2    Str: 11    XL:     4   Next: 65%
Magic:  4/4        EV: 15    Int: 11    God:    Nemelex Xobeh [**....]
Gold:   0          SH:  0    Dex: 18    Spells: 3/3 levels left

rFire   . . .      SeeInvis .    j - +2 falchion
rCold   . . .      Faith    .    (no shield)
rNeg    . . .      Spirit   .    b - +0 robe
rPois   .          Reflect  .    (no helmet)
rElec   .          Harm     .    (no cloak)
rCorr   .          Rampage  .    (no gloves)
Will    .....      NoTele   +    (no boots)
Stlth   ++                       (no amulet)
HPRegen 0.26/turn                (no ring)
MPRegen 0.09/turn                (no ring)

@: no status effects
A: claws 1
a: Renounce Religion, Draw Escape, Draw Destruction, Draw Summoning


You were in the Dungeon.
You worshipped Nemelex Xobeh.
Nemelex Xobeh was pleased with you.
You visited 1 branch

Inventory:

Hand Weapons
 j - a +2 falchion (weapon)
Armour
 b - a +0 robe (worn)
Scrolls
 i - a scroll of blinking
 k - 5 scrolls of amnesia
 l - a scroll of summoning
 m - 2 scrolls of vulnerability
Potions
 a - 2 potions of invisibility
 c - a potion of ambrosia
 d - a potion of curing
 e - a potion of heal wounds
 f - a potion of haste
 g - 4 potions of magic
 h - 3 potions of berserk rage


   Skills:
 + Level 6.1 Fighting
 + Level 5.5 Long Blades
 + Level 5.5 Dodging
 - Level 1.7 Stealth


You had 3 spell levels left.
You didn't know any spells.
Your spell library was empty.

Dungeon Overview and Level Annotations

Branches:
Dungeon (1/1)

Altars:
Ashenzari
Cheibriados
Dithmenos
Fedhas
Gozag
Hepliaklqana
Kikubaaqudgha
Makhleb
Nemelex Xobeh
Okawaru
Qazlal
Ru
Sif Muna
Trog
Uskayaw
Vehumet
Wu Jian
Xom
Yredelemnul
Jiyva
Lugonu


Innate Abilities, Weirdness & Mutations

You have sharp fingernails.


Message History

You have drawn Pain.
Press: ? - help, Shift-Dir - straight line, f - phantom
Aim: a phantom The phantom is unaffected.
The rat bites you. The phantom hits you!
You draw a card...
You have drawn Pain.
Press: ? - help, Shift-Dir - straight line, f - rat, p - phantom
Aim: a rat The rat bites you. The phantom hits you.
You closely miss the rat. The rat bites you. The phantom misses you.
You slash the rat!
You kill the rat!
The phantom hits you. The phantom attacks as you move away!
The phantom hits you.
You miss the phantom. The phantom closely misses you.
You slash the phantom!
The phantom is moderately damaged.
The phantom hits you.
You miss the phantom.
The phantom is moderately damaged.
The phantom hits you.
* * * LOW HITPOINT WARNING * * *
You draw a card...
You have drawn the Pentagram.
The phantom hits you.
* * * LOW HITPOINT WARNING * * *
Press: ? - help, v - describe, . - travel
Here: a sixfirhy (summoned, ally target)
The floor.
You swap places.
The sixfirhy hits your rakshasa. The sixfirhy shocks your rakshasa!
The sixfirhy closely misses your rakshasa.
The sixfirhy hits your rakshasa! The sixfirhy shocks your rakshasa!
The phantom closely misses your rakshasa.
Your rakshasa hits the sixfirhy with a +1 long sword!!
The phantom hits your rakshasa but does no damage.
Your rakshasa blinks!
The sixfirhy hits you.
* * * LOW HITPOINT WARNING * * *
The sixfirhy shocks you!
You die...
Your body disappears without a glow.

###### ____.# ____.#
__...###########++######
####'##.........@......#
)))).##......#W3#.R....#
####.##................+
......'................+
#'#####......#..#......#
...r.##................#
####'#####'#####++######
.....##.......#
.....##.......#


You could see a sixfirhy (summoned), a phantom (ally target) and a friendly
rakshasa (summoned).

Vanquished Creatures
  A floating eye (D)
  An adder (D)
  A bat skeleton (D)
  A hobgoblin (D)
  A bat (D)
  A frilled lizard (D)
  A kobold (D)
  A rat (D)
8 creatures vanquished.

Notes
Turn   | Place    | Note
-------+----------+-------------------------------------------
     0 | D        | NinjaNoafa the Demonspawn Monk began the quest for the Orb.
     0 | D        | Reached XP level 1. HP: 18/18 MP: 1/1
    40 | D        | Found a bloodstained altar of Trog.
    40 | D        | Found a shimmering blue altar of Sif Muna.
    40 | D        | Found a viscous altar of Jiyva.
    40 | D        | Found a hazy altar of Hepliaklqana.
    40 | D        | Found an opulent altar of Gozag.
    41 | D        | Found a basalt altar of Yredelemnul.
    41 | D        | Found a shimmering altar of Xom.
    41 | D        | Found an ornate altar of the Wu Jian Council.
    41 | D        | Found a sacrificial altar of Ru.
    41 | D        | Found a stormy altar of Qazlal.
    41 | D        | Found an iron altar of Okawaru.
    41 | D        | Found a sparkling altar of Nemelex Xobeh.
    41 | D        | Found a burning altar of Makhleb.
    41 | D        | Found a blossoming altar of Fedhas.
    41 | D        | Found a shadowy altar of Dithmenos.
    41 | D        | Found a snail-covered altar of Cheibriados.
    42 | D        | Found a radiant altar of Vehumet.
    42 | D        | Found a corrupted altar of Lugonu.
    43 | D        | Found a hide-covered altar of Uskayaw.
    43 | D        | Found an ancient bone altar of Kikubaaqudgha.
    43 | D        | Found a broken altar of Ashenzari.
    50 | D        | Became a worshipper of Nemelex Xobeh the Trickster
    50 | D        | Reached * piety under Nemelex Xobeh
    50 | D        | Received a gift from Nemelex Xobeh
    50 | D        | Reached ** piety under Nemelex Xobeh
   121 | D        | Noticed a floating eye
   127 | D        | Killed a floating eye
   128 | D        | Reached skill level 6 in Fighting
   128 | D        | Reached skill level 5 in Long Blades
   128 | D        | Reached skill level 5 in Dodging
   128 | D        | Gained mutation: You have sharp fingernails. [demonic
                  | ancestry]
   128 | D        | Reached XP level 2. HP: 24/28 MP: 2/2
   128 | D        | Reached XP level 3. HP: 29/34 MP: 3/3
   128 | D        | Reached XP level 4. HP: 35/40 MP: 4/4
   159 | D        | Noticed a phantom
   182 | D        | Received a gift from Nemelex Xobeh
   192 | D        | Noticed a sixfirhy
   196 | D        | Mangled by a sixfirhy

Illustrated notes

Levels and vault maps discovered:
D:        pitsprint [storerooms_1, entrance_room_1, metal_vault_5, armoury_2,
          mini_pit_1, grid_room_1, main_hall_1, silver_pit, the_coven_2,
          the_vestibule_1, steel_vault_4, golden_pit, hallway_of_sentries,
          crystal_vault_4, iron_vault_2, final_vault]

Skill      XL: |  1 |
---------------+----+-----
Long Blades    | 5 |  5.5
Dodging        | 5 |  5.5
Fighting       | 6 |  6.1
Stealth        | |  1.7

Action                   |  1- 3 |  4- 6 || total
-------------------------+-------+-------++-------
Melee: Falchion          |    15 |    12 ||    27
Invok: Draw Destruction  |     1 |     2 ||     3
       Draw Summoning    |       |     1 ||     1
 Stab: Sleeping          |     1 |       ||     1
Armor: Robe              |     2 |     6 ||     8
Dodge: Dodged            |     4 |    33 ||    37

Table legend: (Time is in decaauts)
 A = Elapsed time spent in this place.
 B = Non-inter-level travel time spent in this place.
 C = Inter-level travel time spent in this place.
 D = Time resting spent in this place.
 E = Time spent auto-exploring this place.
 F = Levels seen in this place.
 G = Mean time per level.
                   A        B        C        D        E       F      G
               +--------+--------+--------+--------+--------+-----+--------+
         Total |    196 |    196 |      0 |     16 |     34 |   1 |  196.0 |
       Dungeon |    196 |    196 |      0 |     16 |     34 |   1 |  196.0 |
               +--------+--------+--------+--------+--------+-----+--------+

Top non-repeatable levels by time:
       D: 196 daAuts
